 Dungeon Crawl Stone Soup version 0.32-a0-893-gf85d74f360 (webtiles) character file.

Game seed: 14865896741768588606

47 porpoise the Poker (level 3, -4/28 HPs)
             Began as a Demonspawn Gladiator on Apr 4, 2024.
             Slain by a phantom (6 damage)
             ... on level 2 of the Dungeon.
             The game lasted 00:02:48 (1226 turns).

porpoise the Poker (Demonspawn Gladiator)           Turns: 1226, Time: 00:02:48

Health: -4/28      AC:  4    Str: 16    XL:     3   Next: 48%
Magic:  3/3        EV: 11    Int:  8    God:
Gold:   72         SH:  0    Dex: 14    Spells: 2/2 levels left

rFire   + . .        a - +0 trident
rCold   . . .        (no shield)
rNeg    . . .        f - +0 leather armour
rPois   .            c - +0 helmet
rElec   .            (no cloak)
rCorr   .            (no gloves)
SInv    .            (no boots)
Will    .....        (no amulet)
Stlth   +            i - ring of protection from fire
HPRegen 0.24/turn    (no ring)
MPRegen 0.08/turn

%: no passive effects
@: no status effects
A: foul stench 1, weakness stinger 1
a: no special abilities


You were on level 2 of the Dungeon.
You visited 1 branch of the dungeon, and saw 2 of its levels.

You collected 72 gold pieces.

Inventory:

Hand Weapons
 a - a +0 trident (weapon)
 b - a +0 sling
Missiles
 d - 3 throwing nets (quivered)
 e - a javelin
Armour
 c - a +0 helmet (worn)
 f - a +0 leather armour (worn)
Jewellery
 i - a ring of protection from fire (left hand)
Scrolls
 j - a scroll of identify {unknown}
Potions
 g - 2 potions of curing {unknown}
 h - a potion of haste {unknown}


   Skills:
 + Level 2.7 Fighting
 * Level 3.7 Polearms
 - Level 1.7 Throwing
 - Level 2.6 Dodging


You had 2 spell levels left.
You didn't know any spells.
Your spell library contained the following spells:

 Spells                   Type           Power      Damage    Failure   Level
 Dazzling Flash           Conj/Hex       0%         N/A       85%         3
 Starburst                Conj/Fire      0%         6d3       100%        6
 Maxwell's Capacitive Co  Air            0%         ∞         100%        8


Dungeon Overview and Level Annotations

Branches:
Dungeon (2/15)

Altars:


Innate Abilities, Weirdness & Mutations

You may rarely emit foul miasma when damaged in melee.
You have a small tail.


Message History

The ribbon worm is almost dead.
The ribbon worm bites you. The phantom hits you.
The phantom blinks!
You blink.
You completely miss the ribbon worm.
The ribbon worm is almost dead.
The ribbon worm barely misses you. The phantom closely misses you.
You barely miss the ribbon worm.
The ribbon worm is severely wounded.
The ribbon worm closely misses you. The phantom closely misses you.
You hit the ribbon worm.
You kill the ribbon worm!
The phantom barely misses you.
You closely miss the phantom. The phantom hits you.
The phantom blinks!
You blink.
You hit the phantom but do no damage. You tail-slap the phantom!
The phantom is moderately damaged.
The phantom hits you.
You puncture the phantom!
The phantom is heavily damaged.
The phantom closely misses you.
You hit the phantom but do no damage.
The phantom is heavily damaged.
The phantom hits you.
The phantom blinks!
You blink.
The phantom completely misses you.
You are too injured to fight recklessly!
You are too injured to fight recklessly!
You are too injured to fight recklessly!
You are too injured to fight recklessly!
You barely miss the phantom.
The phantom is heavily damaged.
The phantom hits you.
* * * LOW HITPOINT WARNING * * *
The phantom blinks!
You blink.
You hit the phantom but do no damage.
The phantom is heavily damaged.
The phantom hits you.
* * * LOW HITPOINT WARNING * * *
You hit the phantom.
The phantom is severely damaged.
The phantom hits you.
You die...

####....####...
#.### #....#
#..# #....
#....# #..#
##### #....#
#..# #... #....#
#..# #.##
#....####..# #.#
+........§.# #.#
#..W.##...## #.#
##.@....#### #.#
#..........#
#.##
#..........#
#...
#..........#
#.##
#........)...#
###
....############
.##+


You could see a phantom.

Vanquished Creatures
  An adder (D:2)
  A dart slug (D:1)
  A ribbon worm (D:2)
  3 ball pythons (D:1)
  2 bats (D:1)
  An endoplasm (D:2)
  A giant cockroach (D:1)
  5 goblins
  3 hobgoblins (D:1)
  7 kobolds
  2 quokkas
  3 frilled lizards (D:1)
  2 rats (D:1)
32 creatures vanquished.

Notes
Turn   | Place    | Note
-------+----------+-------------------------------------------
     0 | D:1      | porpoise the Demonspawn Gladiator began the quest for the
                  | Orb.
     0 | D:1      | Reached XP level 1. HP: 16/16 MP: 1/1
    93 | D:1      | Reached skill level 3 in Polearms
   122 | D:1      | Gained mutation: You may rarely emit foul miasma when
                  | damaged in melee. [demonic ancestry]
   122 | D:1      | Reached XP level 2. HP: 22/22 MP: 2/2
   172 | D:1      | You fall into a shaft and drop 1 floor!
   727 | D:1      | Gained mutation: You have a small tail. [demonic ancestry]
   727 | D:1      | Reached XP level 3. HP: 28/28 MP: 3/3
   992 | D:1      | Found a faded altar of an unknown god.
  1207 | D:2      | Noticed a phantom
  1225 | D:2      | HP: 1/28 [phantom (5)]
  1226 | D:2      | Slain by a phantom

Illustrated notes

Levels and vault maps discovered:
D:1:      lightli_arrival_lavapool, layout_loops_ring,
          chequers_ecumenical_altar_simple_redux, serial_bayou_crossing
D:2:      layout_basic, serial_shops, shop

Skill      XL: |  1 |
---------------+----+-----
Polearms       | 3 |  3.7
Fighting       | |  2.7
Throwing       | |  1.7
Dodging        | |  2.6

Action                     || total
---------------------------++-------
  Melee: Trident           ||   127
         Tailslap          ||     1
   Stab: Sleeping          ||     3
 Armour: Leather armour    ||    64
  Dodge: Dodged            ||    65

Table legend: (Time is in decaauts)
 A = Elapsed time spent in this place.
 B = Non-inter-level travel time spent in this place.
 C = Inter-level travel time spent in this place.
 D = Time resting spent in this place.
 E = Time spent auto-exploring this place.
 F = Levels seen in this place.
 G = Mean time per level.
                   A        B        C        D        E       F      G
               +--------+--------+--------+--------+--------+-----+--------+
         Total |   1259 |   1211 |     48 |    137 |    801 |   2 |  629.5 |
       Dungeon |   1259 |   1211 |     48 |    137 |    801 |   2 |  629.5 |
               +--------+--------+--------+--------+--------+-----+--------+

Top non-repeatable levels by time:
     D:1: 950 daAuts
     D:2: 308 daAuts
